 Dungeon Crawl Stone Soup version 0.29.1-15-g9cfb28693d (webtiles) character file.

Game seed: 13701750691666222045

136 Carnifexus the Sneak (level 4, -2/40 HPs)
             Began as a Minotaur Delver on Mar 29, 2023.
             Killed from afar by Natasha (7 damage)
             ... with a puff of flame
             ... on level 2 of the Dungeon.
             The game lasted 00:04:02 (2145 turns).

Carnifexus the Sneak (Minotaur Delver)              Turns: 2145, Time: 00:04:02

Health: -2/40      AC:  4    Str: 18    XL:     4   Next: 98%
Magic:  3/3        EV: 12    Int:  7    God:
Gold:   190        SH:  0    Dex: 12    Spells: 3/3 levels left

rFire   . . .      SeeInvis .   a - +0 mace
rCold   . . .      Faith    .   (no shield)
rNeg    . . .      Spirit   .   b - +0 leather armour
rPois   .          Reflect  .   (helmet restricted)
rElec   .          Harm     .   o - +0 cloak
rCorr   +          Rampage  .   (no gloves)
Will    .....                   (no boots)
Stlth   ++........              (no amulet)
HPRegen 0.13/turn               h - ring of resist corrosion
MPRegen 0.08/turn               (no ring)

@: no status effects
A: horns 2, retaliatory headbutt
a: no special abilities


You were on level 2 of the Dungeon.
You visited 1 branch of the dungeon, and saw 5 of its levels.

You collected 190 gold pieces.

Inventory:

Hand Weapons
 a - a +0 mace (weapon)
Armour
 b - a +0 leather armour (worn)
 o - a +0 cloak (worn)
Magical Staves
 j - a staff of poison
Jewellery
 h - a ring of resist corrosion (left hand)
Wands
 g - a wand of digging (3)
Scrolls
 c - a scroll of fog
 d - 3 scrolls of magic mapping
 e - a scroll of fear
 l - 3 scrolls of teleportation
 r - a scroll of identify {unknown}
Potions
 f - 2 potions of haste
 i - a potion of mutation {unknown}
 k - a potion of experience {unknown}
 m - a potion of might {unknown}
 n - a potion of curing {unknown}
 p - a potion of invisibility {unknown}
 q - 3 potions of degeneration {unknown}


   Skills:
 + Level 4.0 Fighting
 + Level 4.0 Maces & Flails
 + Level 2.1 Armour
 + Level 2.5 Dodging
 + Level 4.9 Stealth


You had 3 spell levels left.
You didn't know any spells.
Your spell library was empty.

Dungeon Overview and Level Annotations

Branches:
Dungeon (5/15)
 Temple: D:4-7

Altars:

Shops:
D:5 *

Annotations:
D:2 Natasha


Innate Abilities, Weirdness & Mutations

You have a pair of horns on your head.
You reflexively headbutt those who attack you in melee.


Message History

Done exploring.
Done exploring.
There is a stone staircase leading up here.
There is a stone staircase leading down here.
A hobgoblin comes into view. It is wielding a +0 club.
You closely miss the hobgoblin.
The hobgoblin shouts!
Your headbutt misses the hobgoblin. The hobgoblin closely misses you.
The hobgoblin misses you.
You thump the hobgoblin!
You kill the hobgoblin!
q - 3 white potions (gained 1);
r - a scroll labelled XEDOREM OXTY You now have 190 gold pieces (gained 24).
You see here a +0 club.
Natasha, Servant of Life and Death comes into view.
She is carrying a wand of flame (20).
Natasha hisses angrily.
Natasha wildly gestures.
You feel disoriented.
Natasha zaps a wand.
The puff of flame hits you! Natasha claws you.
You barely miss Natasha. Your headbutt misses Natasha. Natasha misses you.
You barely miss Natasha.
Natasha zaps a wand.
The puff of flame hits you!
You sock Natasha!
Natasha is severely wounded.
Natasha mumbles some strange words.
You hit Natasha. Your headbutt misses Natasha.
Natasha is almost dead.
Natasha misses you. The shadow imp misses you.
Natasha zaps a wand.
The puff of flame hits you!
* * * LOW HITPOINT WARNING * * *
You barely miss Natasha. Your headbutt misses Natasha.
Natasha is almost dead.
The shadow imp hits you but does no damage.
Natasha mumbles some strange words.
You hit Natasha but do no damage. You headbutt Natasha, but do no damage.
Natasha is almost dead.
The shadow imp hits you.
* * * LOW HITPOINT WARNING * * *
Natasha zaps a wand.
The puff of flame hits you!
You die...

#############
##...........##
##......#.....5##
##......###....h.###
.......## ##....@..#
....#.##
##.#5...######
...####
####........# #.##
##.#..)..# ###
####.#..# ####.# ###
####.#..## #.##
##.#......# ...####
####.........#


You could see Natasha, a white imp (summoned) and a shadow imp (summoned).

Vanquished Creatures
  A jelly (D:2)
  Natasha (twice) (D:2)
  An adder (D:2)
  2 dart slugs (D:2)
  An orc (D:3)
  A bat (D:1)
  6 endoplasms
  4 giant cockroaches
  2 goblins (D:1)
  4 hobgoblins
  3 jackals (D:1)
  5 kobolds
  5 ball pythons
  2 frilled lizards (D:1)
  4 rats
43 creatures vanquished.

Vanquished Creatures (others)
  5 demonic plants (D:5)
5 creatures vanquished.

Grand Total: 48 creatures vanquished

Notes
Turn   | Place    | Note
-------+----------+-------------------------------------------
     0 | D:5      | Carnifexus the Minotaur Delver began the quest for the Orb.
     0 | D:5      | Reached XP level 1. HP: 19/19 MP: 0/0
    23 | D:5      | Noticed a scorpion
    55 | D:5      | Found Ytugeh's General Store.
    65 | D:5      | Noticed a black bear
    65 | D:5      | Noticed a gnoll sergeant
   124 | D:3      | Noticed an orc wizard
   259 | D:2      | Noticed a jelly
   447 | D:2      | Reached XP level 2. HP: 16/27 MP: 1/1
  1163 | D:1      | Reached XP level 3. HP: 33/33 MP: 2/2
  1530 | D:2      | Found a faded altar of an unknown god.
  1571 | D:2      | Reached skill level 1 in Armour
  1615 | D:2      | Noticed Natasha
  1626 | D:2      | Killed Natasha
  1627 | D:2      | Reached XP level 4. HP: 31/40 MP: 3/3
  1975 | D:2      | Noticed Natasha
  1982 | D:2      | Killed Natasha
  2136 | D:2      | Noticed Natasha
  2145 | D:2      | Killed from afar by Natasha

Illustrated notes

Levels and vault maps discovered:
D:1:      reono_arrival_forest_river, layout_loops_ring
D:2:      layout_basic, hellmonk_ecumenical_altar_crossroads,
          nicolae_figureground_pulse, uniq_natasha
D:3:      layout_loops_cross, grunt_temple_overflow_open, minmay_starry_boxes
D:4:      layout_gridville, nicolae_sif_muna_little_library,
          cheibrodos_sewer_entry_bend
D:5:      layout_loops_cross, serial_shops, shop, serial_demonic,
          serial_demonic_b, serial_demonic_b, serial_demonic_g,
          serial_demonic_e, serial_demonic_f, serial_demonic_f

Skill      XL: |  1  2  3  4 |
---------------+-------------+-----
Maces & Flails | 3 4 |  4.0
Armour         | 1 2 |  2.1
Fighting       | 4 |  4.0
Dodging        | |  2.5
Stealth        | |  4.9

Action                   |  1- 3 |  4- 6 || total
-------------------------+-------+-------++-------
Melee: Mace              |    58 |    27 ||    85
       Headbutt          |    11 |     3 ||    14
       Punch             |     1 |       ||     1
  Use: Scroll            |     3 |       ||     3
 Stab: Sleeping          |     7 |       ||     7
Armor: Leather armour    |    12 |     5 ||    17
Dodge: Dodged            |    36 |    12 ||    48
